 Dungeon Crawl Stone Soup version 0.27.1-34-g3ba077fa99 (webtiles) character file.

Game seed: 14220785690524596719

165 Arum the Shield-Bearer (level 5, 0/43 HPs)
             Began as a Formicid Fighter on Jan 14, 2022.
             Succumbed to Terence's poison
             ... on level 2 of the Dungeon.
             The game lasted 00:03:29 (2348 turns).

Arum the Shield-Bearer (Formicid Fighter)           Turns: 2348, Time: 00:03:29

Health: 0/43       AC:  6    Str: 21    XL:     5   Next: 75%
Magic:  5/5        EV:  8    Int:  8    God:
Gold:   101        SH: 10    Dex: 10    Spells: 4/4 levels left

rFire    + . .     SeeInvis +   a - +0 quarterstaff
rCold    . . .     Faith    .   c - +0 kite shield
rNeg     . . .     Spirit   .   b - +0 scale mail
rPois    .         Reflect  .   (helmet unavailable)
rElec    .         Harm     .   (no cloak)
rCorr    .         Rampage  .   (no gloves)
Will     .....     Clarity  +   (no boots)
Stlth    ..........             (no amulet)
HPRegen  0.14/turn              h - ring of flight
MPRegen  0.09/turn              (no ring)

@: lethally poisoned (0 -> -15), flying
A: permanent stasis, dig shafts and tunnels, antennae 3, four strong arms,
clarity, fire resistance 1, evolution 1
a: Dig, Shaft Self


You were on level 2 of the Dungeon.
You visited 1 branch of the dungeon, and saw 3 of its levels.

You collected 101 gold pieces.

Inventory:

Hand Weapons
 a - a +0 quarterstaff (weapon)
Armour
 b - a +0 scale mail (worn)
 c - a +0 kite shield (worn)
Jewellery
 h - a ring of flight (left hand)
Scrolls
 e - a scroll of vulnerability {unknown}
 g - a scroll of enchant armour {unknown}
 k - 3 scrolls of identify {unknown}
 m - a scroll of teleportation {unknown}
 o - a scroll of enchant weapon {unknown}
Potions
 d - 2 potions of might


   Skills:
 + Level 4.6 Fighting
 + Level 3.5 Staves
 - Level 3.2 Armour
 + Level 5.1 Shields


You had 4 spell levels left.
You didn't know any spells.
Your spell library contained the following spells:

 Spells                   Type           Power      Damage    Failure   Level
 Apportation              Tloc           0%         N/A       95%         1
 Summon Small Mammal      Summ           0%         N/A       95%         1
 Static Discharge         Conj/Air       0%         N/A       99%         2
 Call Canine Familiar     Summ           0%         N/A       100%        3
 Summon Guardian Golem    Hex/Summ       0%         N/A       100%        3
 Dispel Undead            Necr           0%         3d6       100%        4
 Sticky Flame             Conj/Fire      0%         2d3       100%        4
 Alistair's Intoxication  Tmut/Pois      0%         N/A       100%        5
 Invisibility             Hex            0%         N/A       100%        6


Dungeon Overview and Level Annotations

Branches:
Dungeon (3/15)

Altars:

Annotations:
D:2 Terence


Innate Abilities, Weirdness & Mutations

You cannot be hasted, slowed, berserked, paralysed or teleported.
You can dig through walls and to a lower floor.
You have a pair of large antennae on your head. (SInv)
Your four strong arms can wield two-handed weapons with a shield.
You possess an exceptional clarity of mind.
Your flesh is heat resistant. (rF+)
You evolve.


Message History

You feel less confused.
You feel very sick. You block Terence's attack.
It was a potion of mutation.
You feel extremely strange.
Your thoughts seem clearer.
You feel resistant to heat.
You feel nature experimenting on you.
Don't worry, failures die fast.
You feel very sick. Terence barely misses you.
You feel very sick.
Terence barely misses you. 2 orcs come into view.
An orc is wielding a +1 flail of draining.
You feel sick.
The orc shouts! x2; You hear a shout! x2
You block Terence's attack.
You hear an angry hiss.
You feel sick.
You hear a shout!
A quokka comes into view.
You feel sick.
The orc throws a boomerang.
The boomerang barely misses you.
You feel sick.
An orc priest comes into view. It is wielding a +0 falchion.
You feel sick.
Found 7 gold pieces.
You feel sick.
You feel sick.
You feel sick.
You are no longer poisoned.
A frilled lizard comes into view.
The quokka twitches its whiskers.
There is a stone staircase leading up here.
Terence hits you but does no damage.
You are lethally poisoned!
You fly upwards.
* * * LOW HITPOINT WARNING * * *
You feel very sick.
There is a stone staircase leading down here.
* * * LOW HITPOINT WARNING * * *
You feel sick. Terence hits you but does no damage.
You are more poisoned.
You die...

#....≈≈#≈≈...
#.##..≈#.≈..≈
###.###≈#.≈###≈
#...##..#8.≈≈≈.
#...#...####≈..
########......≈≈≈.#.
#>@.......##........
#.........#####.....
#..@......# ##....
#........########..#
#...............[.##
#........########...
#........# #.#.
#........# #...
#........# ###.
########## #. #.


You could see Terence.

Vanquished Creatures
  An orc priest (D:3)
  An orc wizard (D:3)
  4 gnolls (D:3)
  2 worms
  6 orcs (D:3)
  5 bats
  3 endoplasms
  2 giant cockroaches (D:3)
  4 goblins
  6 hobgoblins
  8 jackals
  3 quokkas
  5 ball pythons
  A frilled lizard (D:1)
  4 kobolds (D:1)
  3 rats
  A spectral hobgoblin (D:2)
59 creatures vanquished.

Notes
Turn   | Place    | Note
-------+----------+-------------------------------------------
     0 | D:1      | Arum the Formicid Fighter began the quest for the Orb.
     0 | D:1      | Reached XP level 1. HP: 18/18 MP: 1/1
   256 | D:1      | Reached XP level 2. HP: 24/24 MP: 2/2
   264 | D:1      | Reached skill level 4 in Shields
   583 | D:1      | Reached XP level 3. HP: 30/30 MP: 3/3
  1045 | D:2      | Found a faded altar of an unknown god.
  1313 | D:3      | Reached XP level 4. HP: 35/37 MP: 4/4
  1762 | D:3      | Reached XP level 5. HP: 41/43 MP: 5/5
  1920 | D:3      | Reached skill level 5 in Shields
  2315 | D:3      | Noticed Terence
  2330 | D:3      | Gained mutation: You possess an exceptional clarity of
                  | mind. [potion of mutation]
  2330 | D:3      | Gained mutation: Your flesh is heat resistant. (rF+)
                  | [potion of mutation]
  2330 | D:3      | Gained mutation: You evolve. [potion of mutation]
  2348 | D:2      | Succumbed to Terence's poison

Illustrated notes

Levels and vault maps discovered:
D:1:      dpeg_arrival_radiant, layout_basic
D:2:      layout_rooms, dreamdust_ecumenical_altar_drowned_temple
D:3:      layout_basic, uniq_terence

Skill      XL: |  1  2  3  4  5 |
---------------+----------------+-----
Shields        | 4 5 |  5.1
Fighting       | 4 |  4.6
Staves         | 3 |  3.5
Armour         | |  3.2

Action                   |  1- 3 |  4- 6 || total
-------------------------+-------+-------++-------
Melee: Quarterstaff      |   101 |    98 ||   199
 Abil: Dig               |     1 |     2 ||     3
  Use: Potion            |       |     6 ||     6
       Scroll            |       |     1 ||     1
Armor: Scale mail        |    43 |    28 ||    71
Dodge: Dodged            |    42 |    30 ||    72
Block: Kite shield       |    70 |    40 ||   110
